Map: Newkirk Precinct TE (Void)

Players

Namshar

  • Race: Zerg Zerg
  • Spawn Location: 7:00

Cham - Winner!

  • Race: Zerg Zerg
  • Spawn Location: 5:00

Event: WCS Austin 2017

VOD

Have the link to the VOD?

Description

Time

  • Played on: April 28, 2017, 8:31 p.m.
  • Length: 7:28

All games in this series

Show
View Real Time Build Order
Export as new Build Order

Namshar Zerg 

Build Orders: Pool First, Zergling Baneling 

Get SALT Encoding   

  12  0:00  Drone  
  13  0:13  Overlord  
  13  0:17  Drone  
  14  0:31  Drone x2  
  14  0:35  Drone  
  17  0:46  Drone, Extractor  
  17  0:50  Spawning Pool  
  17  0:56  Drone  
  17  1:07  Drone  
  18  1:19  Hatchery  
  18  1:23  Drone  
  18  1:29  Drone  
  19  1:37  Queen  
  21  1:46  Metabolic Boost  
  21  1:51  Overlord  
  21  1:57  Zergling x2  
  22  2:06  Baneling Nest  
  22  2:08  Drone  
  22  2:14  Queen  
  24  2:19  Drone  
  24  2:22  Drone  
  26  2:34  Drone  
  27  2:45  Zergling x4  
  27  2:46  Zergling x2  
  27  2:47  Zergling x4  
  27  2:48  Zergling x2  
  33  2:54  Overlord  
  33  3:12  Drone x3  
  35  3:15  Baneling x2  
  35  3:21  Overlord  
  35  3:23  Drone x6  
  41  3:28  Overlord  
  41  3:34  Drone x2  
  43  3:48  Hatchery  
  42  3:54  Zergling x4  
  44  4:02  Zergling x10  
  47  4:08  Zergling x4  
  49  4:10  Baneling x2  
  49  4:16  Baneling x2  
  49  4:19  Zergling x6  
  49  4:22  Baneling x2  
  49  4:33  Queen  
  49  4:38  Baneling x2  
  51  4:41  Hatchery  
  50  4:51  Hatchery  
  48  4:55  Drone x3  
  48  4:56  Drone  
  48  4:57  Drone  
  48  4:58  Roach Warren, Extractor  
  48  5:08  Drone x5  
  48  5:09  Lair, Evolution Chamber  
  52  5:16  Drone x3  
  55  5:27  Extractor  
  55  5:28  Drone x3  
  56  5:38  Overlord x2  
  56  5:40  Overlord  
  56  5:41  Unknown  
  56  5:42  Overlord  
  56  5:44  Drone x2  
  58  5:56  Overlord x2  
  58  5:58  Roach  
  58  5:59  Roach  
  58  6:00  Roach  
  64  6:08  Glial Reconstitution  
  66  6:11  Roach x3  
  66  6:17  Roach x2  
  74  6:21  Roach  
  74  6:22  Roach  
  78  6:28  Roach x2  
  78  6:29  Queen  
  74  6:41  Roach x4  
  79  6:47  Roach x2  
  79  6:49  Queen  
  79  6:50  Zergling x2  
  79  6:51  Roach, Zergling x6  
  85  7:01  Roach x3  
Show
View Real Time Build Order
Export as new Build Order

Cham Zerg - Winner!

Build Orders: Hatch First 

Get SALT Encoding   

  12  0:00  Drone  
  13  0:08  Drone  
  14  0:18  Overlord  
  14  0:36  Drone x3  
  17  0:52  Hatchery  
  17  0:55  Drone  
  17  0:58  Drone  
  17  1:02  Extractor  
  17  1:14  Spawning Pool  
  17  1:17  Drone  
  17  1:20  Drone  
  18  1:32  Drone  
  19  1:41  Overlord  
  19  2:01  Queen  
  21  2:02  Metabolic Boost  
  21  2:04  Queen  
  21  2:05  Zergling x4  
  25  2:09  Drone  
  25  2:13  Drone  
  27  2:16  Drone  
  28  2:27  Drone  
  28  2:28  Drone  
  30  2:30  Baneling Nest  
  30  2:34  Drone  
  30  2:39  Queen  
  32  2:47  Drone, Overlord  
  33  2:51  Drone  
  34  3:01  Zergling x2  
  34  3:03  Zergling x2  
  36  3:08  Zergling x2  
  36  3:09  Drone  
  36  3:11  Zergling x6  
  40  3:14  Zergling x6  
  43  3:21  Baneling x3  
  43  3:23  Baneling  
  43  3:25  Zergling x4  
  44  3:31  Baneling  
  44  3:36  Overlord x2  
  44  3:40  Extractor  
  43  3:50  Drone  
  43  4:03  Drone x4  
  43  4:05  Lair  
  43  4:08  Drone, Evolution Chamber  
  43  4:09  Roach Warren  
  45  4:15  Drone x2  
  47  4:18  Drone x2  
  48  4:28  Drone x2  
  47  4:33  Overlord  
  47  4:34  Extractor  
  47  4:35  Drone x2  
  47  4:36  Drone  
  47  4:37  Zerg Missile Weapons Level 1  
  49  4:39  Drone  
  49  4:42  Zergling x2  
  51  4:50  Zergling x2  
  51  4:51  Zergling x2  
  52  4:55  Zergling x2  
  52  4:56  Drone  
  54  5:05  Roach x3  
  54  5:06  Roach  
  59  5:07  Glial Reconstitution  
  59  5:14  Drone x2  
  61  5:20  Overseer, Hatchery  
  60  5:23  Roach  
  60  5:25  Roach  
  62  5:30  Overlord  
  62  5:32  Roach  
  64  5:36  Roach  
  64  5:40  Roach  
  64  5:41  Overlord  
  68  5:44  Overlord  
  68  5:47  Overlord  
  68  5:51  Roach  
  68  5:53  Roach  
  68  5:55  Roach  
  74  5:58  Roach  
  74  5:59  Overlord  
  76  6:06  Roach x2  
  76  6:10  Roach  
  82  6:12  Roach  
  82  6:15  Roach  
  82  6:16  Roach  
  88  6:21  Drone x4  
  92  6:32  Roach x2  
  92  6:33  Roach  
  91  6:47  Drone x2, Roach x3  
  96  6:56  Drone x2  
  96  6:58  Drone  
  96  7:00  Drone x2  
  99  7:04  Drone  
  99  7:05  Drone  
  103  7:20  Extractor  
Tags
 
Add a new tag
Caveats
  • Supply blocks, unpowered buildings, or Contaminate may cause inaccurate times.
  • Supply counts are checked every 10 seconds.